 Dungeon Crawl Stone Soup version 0.16.0-11-gd45b091 (webtiles) character file.

5835 Chiseanne the Nimble (level 10, -11/59 HPs)
             Began as a Deep Elf Warper on Mar 17, 2015.
             Was an Initiate of Gozag.
             Mangled by MixedWithMadness' ghost (27 damage)
             ... on level 9 of the Dungeon.
             The game lasted 00:44:57 (10565 turns).

Chiseanne the Nimble (Deep Elf Warper)             Turns: 10565, Time: 00:44:57

Health: -11/59     AC:  9    Str: 11    XL:     10   Next: 51%
Magic:  31/31      EV: 21    Int: 17    God:    Gozag
Gold:   857        SH:  0    Dex: 17    Spells: 8 memorised, 9 levels left

rFire  + . .     SeeInvis .     a - +4 rapier (venom)
rCold  . . .     Clarity  .     H - +3 leather armour {rF+}
rNeg   . . .     SustAb   .     (no shield)
rPois  .         Gourm    .     (helmet restricted)
rElec  .         Spirit   .     (no cloak)
rCorr  .         Warding  .     l - +2 pair of gloves {Dex+3}
rMut   .         Stasis   .     (no boots)
MR     +....                    (no amulet)
Stlth  +.........               (no ring)
                                (no ring)

@: about to teleport, repel missiles, drained, somewhat resistant to hostile
enchantments, very unstealthy
A: antennae 1, repulsion field 1, dopey 1
a: Potion Petition, Call Merchant, Bribe Branch, Renounce Religion


You were on level 9 of the Dungeon.
You worshipped Gozag.
Gozag was noncommittal.
You were not hungry.

You visited 2 branches of the dungeon, and saw 10 of its levels.
You also visited: Sewer.

You collected 1020 gold pieces.
You paid 163 gold pieces to Gozag.

Inventory:

Hand weapons
 a - a +4 rapier of venom (weapon)
 s - a +0 dagger of protection
 K - a +0 trident of venom
Missiles
 e - 5 tomahawks of dispersal
 h - 2 tomahawks (quivered)
 u - 18 bolts of penetration
 z - 99 bolts
 A - 39 poisoned needles
 D - 115 arrows
 E - 29 arrows of flame
Armour
 l - a +2 pair of gloves of dexterity (worn)
 t - a +1 large shield of positive energy
 H - a +3 leather armour of fire resistance (worn)
 N - a cursed -2 leather armour
Magical staves
 C - an uncursed staff of summoning {unknown}
 F - an uncursed staff of earth {unknown}
Jewellery
 g - an uncursed ring of teleportation
Magical devices
 J - a wand of disintegration (3)
Scrolls
 r - a scroll of amnesia
 y - 3 scrolls of teleportation
 G - a scroll of fog
Potions
 b - a potion of might {unknown}
 d - 2 potions of resistance
 i - a potion of brilliance
 j - a potion of degeneration {unknown}
 k - a potion of heal wounds
 m - 4 potions of magic
 n - a potion of cure mutation
 p - a potion of flight {unknown}
 q - a potion of curing
 v - a potion of ambrosia {unknown}
 w - a potion of invisibility {unknown}
 x - a potion of berserk rage {unknown}
 I - a potion of poison {unknown}
 L - a potion of agility
Books
 c - a book of Spatial Translocations

   Spells                             Type                      Level
   a - Apportation                    Translocation                1
   b - Blink                          Translocation                2
   c - Shroud of Golubria             Charms/Translocation         2
   d - Portal Projectile              Translocation                3
   e - Teleport Other                 Translocation                3
   f - Passage of Golubria            Translocation                4
 B - a book of Minor Magic

   Spells                             Type                      Level
   a - Magic Dart                     Conjuration                  1
   b - Blink                          Translocation                2
   c - Call Imp                       Summoning                    2
   d - Repel Missiles                 Charms/Air                   2
   e - Slow                           Hexes                        2
   f - Conjure Flame                  Conjuration/Fire             3
   g - Mephitic Cloud                 Conjuration/Poison/Air       3
 M - a book of Conjurations

   Spells                             Type                      Level
   a - Magic Dart                     Conjuration                  1
   b - Searing Ray                    Conjuration                  2
   c - Dazzling Spray                 Conjuration/Hexes            3
   d - Fulminant Prism                Conjuration/Hexes            4
   e - Iskenderun's Mystic Blast      Conjuration                  4
   f - Iskenderun's Battlesphere      Conjuration/Charms           5
Comestibles
 f - a bread ration
 o - 5 meat rations


   Skills:
 * Level 5.0(4.1) Fighting
 - Level 2.0(1.1) Short Blades
 - Level 1.1(0.2) Throwing
 * Level 4.7(3.8) Armour
 * Level 11.2(10.1) Dodging
 * Level 10.1(9.1) Spellcasting
 - Level 8.0(7.0) Translocations
 * Level 0.4(0.0) Air Magic


You had 9 spell levels left.
You knew the following spells:

 Your Spells              Type           Power        Failure   Level  Hunger
a - Apportation           Tloc           ####......   1%          1    None
b - Blink                 Tloc           N/A          1%          2    None
c - Shroud of Golubria    Chrm/Tloc      ###.......   6%          2    None
d - Portal Projectile     Tloc           ####..       1%          3    None
e - Teleport Other        Tloc           ####....     1%          3    None
f - Passage of Golubria   Tloc           N/A          10%         4    ###....
g - Repel Missiles        Chrm/Air       #.....       21%         2    None
h - Mephitic Cloud        Conj/Pois/Air  #.......     38%         3    None


Dungeon Overview and Level Annotations

Branches:
Dungeon (9/15)             Temple (1/1) D:6
   Lair: D:8-11         Orc: D:9-12

Altars:
Ashenzari
Cheibriados
Dithmenos
Elyvilon
Fedhas
Gozag
Kikubaaqudgha
Nemelex Xobeh
Okawaru
Qazlal
Ru
Sif Muna
Trog
Xom
Yredelemnul
Zin
The Shining One

Annotations:
D:3 Natasha; Virusyak's ghost, average OgFi
D:4 Chiseanne's ghost, average VSMo
D:9 MixedWithMadness' ghost, experienced DDFi


Innate Abilities, Weirdness & Mutations

You have a pair of small antennae on your head.
You are surrounded by a mild repulsion field (EV +2).
You are dopey. (Int -2)


Message History

MixedWithMadness' ghost is moderately damaged.
MixedWithMadness' ghost misses you.
You puncture MixedWithMadness' ghost!!
MixedWithMadness' ghost is heavily damaged.
MixedWithMadness' ghost hits you!
You feel drained.
You hit MixedWithMadness' ghost but do no damage.
MixedWithMadness' ghost is heavily damaged.
MixedWithMadness' ghost completely misses you.
You hit MixedWithMadness' ghost but do no damage.
MixedWithMadness' ghost is heavily damaged.
MixedWithMadness' ghost hits you!!
Your shroud falls apart!
You feel drained.
* * * LOW HITPOINT WARNING * * *
You see here 22 stones.
Read which item? (? for menu, Esc to quit)
As you read the scroll of teleportation, it crumbles to dust.
You feel strangely unstable. MixedWithMadness' ghost hits you!!
You die...
Your body crumbles into a pile of gold.

..# #.#....# #..# #..... .##
#.#....# ##.## #..... .#
#.##'### #..# . #..... .####
#.##.# ##.## '####### .#..#
#.##.# #..# .... .#..###.##.#
##.# ..... .#....#.##.#
#.##......
.##.#.#.##.#########.##......
.##.#.#.##...)..@W....'<..[..#
.##.#.#.#############(#.......
.##.#.#.##........# #.....#.
.##.#.#.##........# #.....#
###.#.#.##........###.....#
#.#.#.##................#
###.#.#.###...............#
....#.#...................#
#####.#####...........#...#


You could see MixedWithMadness' ghost.

Vanquished Creatures
  A centaur warrior (D:8)
  Eustachio (D:5)
  Grum (D:8)
  2 wolves (D:8)
  A vampire mosquito (D:8)
  A necrophage (D:7)
  An orc warrior (D:8)
  3 ice beasts
  4 black bears
  3 ogres
  5 phantoms
  2 centaurs
  7 giant frogs
  Blork the orc (D:8)
  6 big kobolds
  2 scorpions (D:8)
  13 wights
  3 goliath beetles
  A hound (D:6)
  5 human zombies (D:7)
  5 jellies
  2 crimson imps
  An iguana (D:4)
  3 orc priests
  A giant frog skeleton (D:5)
  A human skeleton (D:7)
  7 worker ants
  An orc wizard (D:5)
  An ogre zombie (D:7)
  2 mummies
  12 adders
  3 river rats (Sewer)
  3 shadow imps (D:5)
  3 giant mites
  7 worms
  An adder zombie (D:9)
  10 giant geckos
  8 oozes
  13 orcs
  15 bats
  A bat skeleton (D:4)
  5 giant cockroaches
  13 goblins
  11 hobgoblins
  6 jackals
  6 quokkas
  5 ball pythons
  6 giant newts
  22 kobolds
  An orc zombie (D:7)
  23 rats
261 creatures vanquished.

Notes
Turn   | Place    | Note
--------------------------------------------------------------
     0 | D:1      | Chiseanne, the Deep Elf Warper, began the quest for the Orb.
     0 | D:1      | Reached XP level 1. HP: 12/12 MP: 5/5
   305 | D:1      | Reached XP level 2. HP: 15/17 MP: 8/8
   331 | D:1      | Learned a level 2 spell: Blink
   334 | D:1      | Learned a level 2 spell: Shroud of Golubria
  1136 | D:2      | Reached skill level 1 in Armour
  1136 | D:2      | Reached XP level 3. HP: 7/21 MP: 7/10
  1450 | D:2      | Reached skill level 4 in Translocations
  1494 | D:2      | HP: 1/21 [kobold/short sword (3)]
  2087 | D:2      | Gained mutation: You have a pair of small antennae on your head. [potion of mutation]
  2087 | D:2      | Gained mutation: You are dopey. (Int -2) [potion of mutation]
  2087 | D:2      | Gained mutation: You are surrounded by a mild repulsion field (EV +2). [potion of mutation]
  2305 | D:2      | Reached XP level 4. HP: 21/26 MP: 11/13
  2503 | D:3      | Found a sparkling altar of Nemelex Xobeh.
  2824 | D:3      | Found a shattered altar of Ashenzari.
  2830 | D:3      | Noticed Virusyak's ghost (average OgFi)
  3254 | D:3      | Found a shadowy altar of Dithmenos.
  3265 | D:3      | Noticed Natasha
  3697 | D:4      | Reached XP level 5. HP: 13/30 MP: 15/18
  3787 | D:4      | Learned a level 3 spell: Portal Projectile
  3791 | D:4      | Learned a level 3 spell: Teleport Other
  3928 | D:4      | Noticed Chiseanne's ghost (average VSMo)
  3947 | D:5      | Entered Level 5 of the Dungeon
  4156 | D:5      | Found a basalt altar of Yredelemnul.
  4586 | D:5      | Reached skill level 5 in Dodging
  4586 | D:5      | Reached XP level 6. HP: 19/35 MP: 16/20
  4748 | D:5      | Noticed Eustachio
  4849 | D:5      | Killed Eustachio
  5262 | D:5      | Reached skill level 6 in Dodging
  5262 | D:5      | Reached XP level 7. HP: 35/40 MP: 20/22
  5276 | D:5      | Learned a level 4 spell: Passage of Golubria
  5368 | D:5      | Found a glowing silver altar of Zin.
  5531 | D:6      | Found a glowing drain.
  5571 | Sewer    | Entered a sewer
  5662 | Sewer    | Reached skill level 5 in Spellcasting
  5693 | Sewer    | Reached skill level 5 in Translocations
  5749 | Sewer    | Reached skill level 7 in Dodging
  6196 | D:6      | Found a staircase to the Ecumenical Temple.
  6205 | Temple   | Entered the Ecumenical Temple
  6307 | D:6      | Found a sparkling altar of Nemelex Xobeh.
  6307 | D:6      | Found an opulent altar of Gozag.
  6314 | D:6      | Became a worshipper of Gozag Ym Sagoz the Greedy
  6368 | D:6      | Reached XP level 8. HP: 45/45 MP: 21/24
  6741 | D:6      | Reached skill level 8 in Dodging
  6809 | D:6      | Found a snail-covered altar of Cheibriados.
  7206 | D:7      | Found a blossoming altar of Fedhas.
  7485 | D:7      | Found a deep blue altar of Sif Muna.
  7513 | D:7      | Found an ancient bone altar of Kikubaaqudgha.
  7585 | D:7      | Reached XP level 9. HP: 42/51 MP: 25/28
  8125 | D:8      | Reached skill level 9 in Dodging
  8432 | D:8      | Noticed Blork the orc
  8451 | D:8      | Killed Blork the orc
  8590 | D:8      | Noticed a phantom
  8614 | D:8      | Killed a phantom
  8639 | D:8      | Noticed Grum
  8654 | D:8      | Killed Grum
  8782 | D:8      | Reached skill level 10 in Dodging
  9115 | D:8      | Reached XP level 10. HP: 46/58 MP: 31/31
  9411 | D:8      | Noticed a centaur warrior
  9426 | D:8      | Killed a centaur warrior
 10004 | D:9      | Learned a level 2 spell: Repel Missiles
 10008 | D:9      | Learned a level 3 spell: Mephitic Cloud
 10032 | D:9      | Reached skill level 11 in Dodging
 10136 | D:9      | Reached skill level 10 in Spellcasting
 10268 | D:9      | Reached skill level 5 in Fighting
 10548 | D:9      | Noticed MixedWithMadness' ghost (experienced DDFi)
 10565 | D:9      | Mangled by MixedWithMadness' ghost

Action                   |  1- 3 |  4- 6 |  7- 9 | 10-12 || total
-------------------------+-------+-------+-------+-------++-------
Melee: Short sword       |   140 |    75 |       |       ||   215
       Dagger            |       |   271 |       |       ||   271
       Rapier            |       |    24 |   409 |   139 ||   572
Throw: Javelin           |       |     2 |       |       ||     2
       Tomahawk          |       |       |     5 |     5 ||    10
 Cast: Shroud of Golubri |     7 |    37 |    57 |    20 ||   121
       Blink             |       |     3 |       |       ||     3
       Passage of Golubr |       |       |     1 |       ||     1
       Repel Missiles    |       |       |       |     1 ||     1
Evoke: Wand              |       |     1 |     3 |     5 ||     9
  Use: Scroll            |     7 |     7 |     3 |     3 ||    20
       Potion            |     3 |     4 |       |       ||     7
 Stab: Sleeping          |     1 |       |     4 |       ||     5
  Eat: Chunk             |     5 |    10 |     4 |       ||    19
       Beef jerky        |       |     1 |       |       ||     1
       Bread ration      |       |       |     3 |     1 ||     4
